 Dungeon Crawl Stone Soup version 0.29.1-15-g9cfb28693d (webtiles) character file.

Game seed: 3215152636757451280

205 Gustavia the Chopper (level 5, -2/48 HPs)
             Began as a Hill Orc Monk on Mar 31, 2023.
             Slain by Menkaure (14 damage)
             ... on level 4 of the Dungeon.
             The game lasted 00:08:58 (3885 turns).

Gustavia the Chopper (Hill Orc Monk)                Turns: 3885, Time: 00:08:58

Health: -2/48      AC: 14    Str: 16    XL:     5   Next: 83%
Magic:  5/5        EV:  5    Int: 10    God:
Gold:   67         SH:  0    Dex: 13    Spells: 4/4 levels left

rFire   . . .      SeeInvis .   a - +0 hand axe
rCold   . . .      Faith    .   (no shield)
rNeg    . . .      Spirit   .   g - +0 plate armour
rPois   .          Reflect  .   p - +2 helmet
rElec   .          Harm     .   f - scarf {repulsion}
rCorr   +          Rampage  .   (no gloves)
Will    .....                   (no boots)
Stlth   ..........              (no amulet)
HPRegen 0.16/turn               q - ring of resist corrosion
MPRegen 0.09/turn               (no ring)

@: repel missiles
A: no striking features
a: no special abilities


You were on level 4 of the Dungeon.
You visited 2 branches of the dungeon, and saw 5 of its levels.

You collected 95 gold pieces.
You spent 28 gold pieces at shops.

Inventory:

Hand Weapons
 a - a +0 hand axe (weapon)
Armour
 f - a scarf of repulsion (worn)
 g - a +0 plate armour (worn)
 p - a +2 helmet (worn)
Jewellery
 q - a ring of resist corrosion (left hand)
Wands
 s - a wand of light (12)
Scrolls
 h - a scroll of silence
 i - a scroll of fear
 j - a scroll of fog
 k - a scroll of vulnerability {unknown}
 l - a scroll of blinking
 n - a scroll of torment {unknown}
 o - 2 scrolls of immolation {unknown}
 r - a scroll of summoning {unknown}
Potions
 b - 2 potions of magic {unknown}
 d - a potion of might {unknown}
 e - 2 potions of resistance
 m - a potion of heal wounds {unknown}
 t - 2 potions of curing {unknown}


   Skills:
 + Level 5.2 Fighting
 + Level 6.0 Axes
 + Level 2.0 Armour
 + Level 2.8 Dodging
 + Level 1.8 Stealth


You had 4 spell levels left.
You didn't know any spells.
Your spell library contained the following spells:

 Spells                   Type           Power      Damage    Failure   Level
 Airstrike                Air            0%         2d(0-16)  100%        4
 Summon Lightning Spire   Summ/Air       0%         N/A       100%        4
 Lightning Bolt           Conj/Air       0%         1d11      100%        5


Dungeon Overview and Level Annotations

Branches:
Dungeon (4/15)             Temple (1/1) D:4

Altars:
Fedhas
Gozag
Hepliaklqana
Makhleb
Nemelex Xobeh
Okawaru
Qazlal
Ru
Sif Muna
Uskayaw
Vehumet
Wu Jian
Yredelemnul
The Shining One

Shops:
D:1 :   D:4 [?(

Annotations:
D:4 Menkaure


Message History

Menkaure hits you.
You hit Menkaure.
Menkaure is moderately damaged.
You hit the adder. The adder bites you but does no damage. Menkaure hits you.
The adder barely misses you. Menkaure hits you but does no damage.
You hit Menkaure but do no damage.
Menkaure is moderately damaged.
You closely miss the adder. The adder bites you but does no damage.
Menkaure hits you!
You hit Menkaure but do no damage.
Menkaure is moderately damaged.
You miss the adder. The adder barely misses you. Menkaure barely misses you.
You hit Menkaure.
Menkaure is heavily damaged.
You hit the adder. The adder bites you but does no damage.
Menkaure hits you but does no damage. The adder bites you but does no damage.
You are confused.
You feel invigorated.
Menkaure points at you and mumbles some strange words.
Pain shoots through your body! The adder bites you but does no damage.
You hit Menkaure but do no damage.
Menkaure is heavily damaged.
You hit the adder.
You kill the adder!
Menkaure hits you. Menkaure hits you!
Your Axes skill increases to level 6!
Menkaure attacks as you move away! Menkaure barely misses you.
You hit Menkaure.
Menkaure is severely damaged.
Menkaure calls on the powers of darkness!
Your body is wracked with pain!
You're too confused to move!
You feel less invigorated.
You feel less confused.
Menkaure calls on the powers of darkness!
Your body is wracked with pain!
* * * LOW HITPOINT WARNING * * *
You barely miss Menkaure.
Menkaure is severely damaged.
Menkaure hits you!
You die...

#.......(.. #.....$.>..
#####..........
#..............
#.....)......#
#............# ..
#.........# ...
#..@†.....##.#
#..M.........#######
#...##[.............
#...##......≈≈≈≈≈...
#####...##....≈≈≈≈≈≈≈≈≈.
#...........≈≈≈≈≈≈≈≈≈≈≈≈
#..........≈≈≈≈≈≈...≈≈≈≈
#..........≈≈≈≈≈≈.>.≈≈≈≈
#..........≈≈≈≈≈≈...≈≈≈≈


You could see Menkaure (fast).

Vanquished Creatures
  A hound (D:4)
  An iguana (D:4)
  Robin (D:2)
  3 gnolls (D:3)
  3 adders
  4 worms
  A dart slug (D:2)
  3 orcs (D:4)
  2 ball pythons
  6 endoplasms
  7 giant cockroaches
  10 goblins
  3 hobgoblins
  6 bats
  A frilled lizard (D:3)
  5 kobolds
  8 rats
65 creatures vanquished.

Notes
Turn   | Place    | Note
-------+----------+-------------------------------------------
     0 | D:1      | Gustavia the Hill Orc Monk began the quest for the Orb.
     0 | D:1      | Reached XP level 1. HP: 19/19 MP: 1/1
   171 | D:1      | Found a faded altar of an unknown god.
   406 | D:1      | Reached XP level 2. HP: 25/27 MP: 2/2
   445 | D:1      | Found Zocwar's Book Shoppe.
  1130 | D:2      | Reached XP level 3. HP: 33/33 MP: 3/3
  1235 | D:2      | Noticed Robin
  1253 | D:2      | Killed Robin
  1649 | D:2      | Reached skill level 1 in Armour
  1649 | D:2      | Reached XP level 4. HP: 33/41 MP: 4/4
  2302 | D:3      | Reached skill level 5 in Axes
  2561 | D:3      | Reached XP level 5. HP: 18/47 MP: 5/5
  3320 | D:4      | Found Bohibb's Weapon Emporium.
  3466 | D:4      | Found a blossoming altar of Fedhas.
  3531 | D:4      | Found Goapt's Armour Boutique.
  3566 | D:4      | Found Mophofi's Magic Scroll Shop.
  3567 | D:4      | Found Qued's Armour Shop.
  3574 | D:4      | Bought a scroll of identify for 28 gold pieces
  3590 | D:4      | Found a staircase to the Ecumenical Temple.
  3632 | Temple   | Entered the Ecumenical Temple
  3718 | D:4      | Reached skill level 5 in Fighting
  3843 | D:4      | Noticed Menkaure
  3882 | D:4      | Reached skill level 6 in Axes
  3885 | D:4      | Slain by Menkaure

Illustrated notes

Levels and vault maps discovered:
D:1:      sevenhm_arrival_forest_fort_small_5, layout_rooms,
          hellmonk_ecumenical_altar_zigzags, serial_shops, shop
D:2:      layout_loops_corners, minmay_tromino_i2, uniq_robin
D:3:      layout_basic
D:4:      layout_basic, lemuel_round_altar,
          chequers_temple_overflow_statue_of_worship, temple_pool_b,
          serial_shops, shop, shop_fountains, shop, nicolae_shop_crystal,
          nicolae_shop_advertising_works [nicolae_subvault_shop_adworks],
          kennysheep_donut, minmay_starry_boxes, uniq_menkaure
Temple:   nicolae_temple_ecumenical_triangle

Skill      XL: |  1  2  3  4  5 |
---------------+----------------+-----
Fighting       | 4 5 |  5.2
Armour         | 1 2 |  2.0
Axes           | 5 6 |  6.0
Dodging        | |  2.8
Stealth        | |  1.8

Action                   |  1- 3 |  4- 6 || total
-------------------------+-------+-------++-------
Melee: Hand axe          |   141 |   140 ||   281
       Punch             |     1 |     1 ||     2
  Use: Scroll            |     3 |     2 ||     5
       Potion            |       |     2 ||     2
 Stab: Sleeping          |     1 |       ||     1
Armor: Robe              |    17 |       ||    17
       Plate armour      |    73 |    92 ||   165
       Leather armour    |     2 |       ||     2
Dodge: Dodged            |    60 |    42 ||   102
       Repelled          |     3 |       ||     3
